 Dungeon Crawl Stone Soup version 0.27.1-2-g3b301248ec (webtiles) character file.

Game seed: 12708517468051397824

119 Borgoz the Skirmisher (level 5, -2/33 HPs)
             Began as a Gargoyle Berserker on Sept 26, 2021.
             Was a Follower of Trog.
             Killed from afar by an orc wizard (8 damage)
             ... with a puff of flame
             ... on level 3 of the Dungeon.
             The game lasted 00:01:14 (2073 turns).

Borgoz the Skirmisher (Gargoyle Berserker)          Turns: 2073, Time: 00:01:15

Health: -2/33      AC:  6    Str: 21    XL:     5   Next: 3%
Magic:  5/5        EV: 12    Int:  7    God:    Trog [*.....]
Gold:   47         SH:  0    Dex: 10    Spells: 4/4 levels left

rFire    . . .     SeeInvis .   a - +0 mace
rCold    . . .     Faith    .   (no shield)
rNeg     + . .     Spirit   .   b - +0 animal skin
rPois    ∞         Reflect  .   (no helmet)
rElec    +         Harm     .   (no cloak)
rCorr    .         Rampage  .   (no gloves)
Will     .....                  (no boots)
Stlth    +.........             (no amulet)
HPRegen  0.11/turn              (no ring)
MPRegen  0.09/turn              (no ring)

@: confused, on berserk cooldown, slowed, very slow
A: sickness immunity, AC +4, negative energy resistance 1, electricity
resistance, torment resistance 1, petrification resistance
a: Renounce Religion, Berserk


You were on level 3 of the Dungeon.
You worshipped Trog.
Trog was aware of your devotion.
You visited 1 branch of the dungeon, and saw 3 of its levels.

You collected 47 gold pieces.

Inventory:

Hand Weapons
 a - a +0 mace (weapon)
Armour
 b - a +0 animal skin (worn)
Scrolls
 c - a scroll of magic mapping {unknown}
 e - a scroll of vulnerability {unknown}
 f - a scroll of enchant weapon {unknown}
Potions
 d - a potion of curing {unknown}


   Skills:
 * Level 4.3 Fighting
 * Level 3.8 Maces & Flails
 * Level 3.4 Armour
 + Level 2.1 Dodging


You had 4 spell levels left.
You didn't know any spells.
Your spell library was empty.

Dungeon Overview and Level Annotations

Branches:
Dungeon (3/15)

Altars:


Innate Abilities, Weirdness & Mutations

You are immune to sickness and miasma.
Your stone body is resilient. (AC +4)
You are immune to poison.
You resist negative energy. (rN+)
You are resistant to electric shocks. (rElec)
You are resistant to unholy torment.
You are immune to petrification.


Message History

Something hits you but does no damage. The hobgoblin barely misses you.
Something hits you but does no damage.
You sock the hobgoblin!
You kill the hobgoblin!
Trog accepts your kill.
A bat comes into view.
The bat hits you but does no damage.
Something hits you but does no damage. x2
The bat moves out of view.
You hit something. The bat hits you but does no damage.
The bat barely misses you. Something hits you.
* * * LOW HITPOINT WARNING * * *
The bat barely misses you. Something hits you but does no damage.
You sock the bat!
You kill the bat!
Trog accepts your kill.
An orc wizard appears from thin air!
Reactivating autopickup.
The orc wizard hits you but does no damage.
You hit the orc wizard.
The orc wizard is heavily wounded.
The orc wizard hits you but does no damage.
The orc wizard points at you and mumbles some strange words.
You resist with some effort.
You hit the orc wizard.
The orc wizard is severely wounded.
The orc wizard hits you with a +0 dagger.
* * * LOW HITPOINT WARNING * * *
The orc wizard hits you but does no damage.
Okay, then.
You barely miss the orc wizard.
The orc wizard is severely wounded.
The orc wizard casts a spell at you.
You are confused.
The orc wizard mumbles some strange words.
The orc wizard flickers and vanishes!
Deactivating autopickup; reactivate with Ctrl-A.
You hear some strange, mumbled words.
A puff of flame appears from out of thin air!
The puff of flame hits you!
You die...

.... ).. #.##
#..## ####.<###
### #...#...#
....
#.#.###.....o
..... #
#...#######......
###.....@.{g...#
###..#####.###
#...g>.....
#..bS......
.........g.....
.....#.......).
......#.........
......#.........
....<...........


You could see a hobgoblin.

Vanquished Creatures
  2 hounds (D:3)
  2 adders (D:2)
  2 dart slugs
  2 orcs (D:3)
  5 endoplasms
  2 goblins (D:1)
  2 hobgoblins (D:3)
  4 jackals (D:1)
  A kobold (D:2)
  A quokka (D:2)
  2 ball pythons
  4 bats
  A frilled lizard (D:2)
  3 rats
33 creatures vanquished.

Vanquished Creatures (others)
  A bat (D:3)
1 creature vanquished.

Grand Total: 34 creatures vanquished

Notes
Turn   | Place    | Note
-------+----------+-------------------------------------------
     0 | D:1      | Borgoz the Gargoyle Berserker began the quest for the Orb.
     0 | D:1      | Reached XP level 1. HP: 14/14 MP: 1/1
   247 | D:1      | Reached XP level 2. HP: 19/19 MP: 2/2
   572 | D:1      | Found a faded altar of an unknown god.
  1118 | D:2      | Reached XP level 3. HP: 10/24 MP: 3/3
  2051 | D:3      | Reached skill level 4 in Fighting
  2051 | D:3      | Reached XP level 4. HP: 22/29 MP: 4/4
  2060 | D:3      | Reached XP level 5. HP: 14/33 MP: 5/5
  2073 | D:3      | Killed from afar by an orc wizard

Illustrated notes

Levels and vault maps discovered:
D:1:      dpeg_arrival_radiant, layout_loops_ring,
          shapermc_ecumenical_altar_petra, minivault_26
D:2:      layout_loops_ring
D:3:      layout_rooms, uniq_ijyb

Skill      XL: |  1  2  3 |
---------------+----------+-----
Armour         | 3 |  3.4
Fighting       | 4 |  4.3
Dodging        | 2 |  2.1
Maces & Flails | |  3.8

Action                   |  1- 3 |  4- 6 || total
-------------------------+-------+-------++-------
Melee: Mace              |   100 |    17 ||   117
Invok: Berserk           |     2 |       ||     2
Armor: Animal skin       |    46 |    23 ||    69
Dodge: Dodged            |    86 |    18 ||   104
